 Dungeon Crawl Stone Soup version 0.28.0-53-g5a82cb258f (webtiles) character file.

Game seed: 360020389223652934

71 MisterFreud the Changer (level 4, -2/35 HPs)
             Began as a Draconian Transmuter on July 17, 2022.
             Was a Follower of Okawaru.
             Slain by a hornet zombie (7 damage)
             ... on level 3 of the Dungeon.
             The game lasted 00:01:49 (1669 turns).

MisterFreud the Changer (Draconian Transmuter)      Turns: 1669, Time: 00:01:50

Health: -2/35      AC:  2    Str: 13    XL:     4   Next: 5%
Magic:  5/7        EV: 23    Int: 15    God:    Okawaru [*.....]
Gold:   96         SH:  0    Dex: 16    Spells: 1/7 levels left

rFire   . . .      SeeInvis .     - Unarmed
rCold   . . .      Faith    .   (shield currently unavailable)
rNeg    . . .      Spirit   .   (armour unavailable)
rPois   x          Reflect  .   (helmet currently unavailable)
rElec   .          Harm     .   (cloak currently unavailable)
rCorr   .          Rampage  .   (gloves currently unavailable)
Will    .....                   (boots currently unavailable)
Stlth   +.........              (no amulet)
HPRegen 0.11/turn               f - +4 ring of evasion
MPRegen 0.10/turn               (no ring)

@: mighty, spider-form (expiring)
A: venomous fangs, AC +5, tiny, unfitting armour, (cold-blooded)
a: End Transformation, Renounce Religion, Heroism


You were on level 3 of the Dungeon.
You worshipped Okawaru.
Okawaru was aware of your devotion.
You were a venomous arachnid creature.
You visited 1 branch of the dungeon, and saw 3 of its levels.

You collected 96 gold pieces.

Inventory:

Jewellery
 a - an amulet of reflection
 f - a +4 ring of evasion (left front leg)


   Skills:
 - Level 1.1 Fighting
 - Level 1.7 Dodging
 - Level 3.0 Unarmed Combat
 - Level 2.0 Spellcasting
 + Level 4.4 Transmutations


You had one spell level left.
You knew the following spells:

 Your Spells              Type           Power      Damage    Failure   Level
a - Beastly Appendage     Tmut           28%        N/A       12%         1
b - Wereblood             Tmut           14%        N/A       16%         2
c - Spider Form           Tmut/Pois      8%         N/A       47%         3

Your spell library contained the following spells:

 Spells                   Type           Power      Damage    Failure   Level
 Ice Form                 Ice/Tmut       8%         N/A       83%         4


Dungeon Overview and Level Annotations

Branches:
Dungeon (3/15)

Altars:
Okawaru

Shops:
D:1 (


Innate Abilities, Weirdness & Mutations

You are a venomous arachnid creature.
You have poisonous fangs.
You are tiny and dextrous.
Your spellcasting is less reliable in this form.
Your armour is entirely melded.
You are incapable of wielding weapons or throwing items.
((Your plain brown scales are hard. (AC +5)))
You cannot fit into any form of body armour.
((You are cold-blooded and may be slowed by cold attacks.))


Message History

You see here a rat corpse.
You open the door.
A hobgoblin comes into view.
The hobgoblin shouts!
There is an open door here.
You hit the hobgoblin.
The hobgoblin is heavily wounded.
The hobgoblin misses you.
You hit the hobgoblin.
You kill the hobgoblin!
Okawaru accepts your kill.
No target in view!
You see here a hobgoblin corpse.
You open the door.
There is an open door here.
A hornet zombie comes into view.
Casting: Beastly Appendage (safe; 3% risk of failure)
Confirm with . or Enter, or press ? or * to list all spells.
The spell is quite dangerous to miscast (26% risk of failure)!
Continue anyway?
You turn into a venomous arachnid creature.
You barely miss the hornet zombie.
The hornet zombie hits you but does no damage.
The hornet zombie hits you!
You hit the hornet zombie but do no damage.
The hornet zombie completely misses you.
You hit the hornet zombie but do no damage.
Your transformation is almost over.
The hornet zombie completely misses you.
You hit the hornet zombie but do no damage.
The hornet zombie hits you!
You hit the hornet zombie but do no damage.
The hornet zombie hits you. The hornet zombie hits you!
* * * LOW HITPOINT WARNING * * *
You barely miss the hornet zombie. The hornet zombie misses you.
You hit the hornet zombie.
The hornet zombie is lightly damaged.
The hornet zombie closely misses you.
You feel very mighty all of a sudden. The hornet zombie hits you!
You die...

#...# #... #..#
###..# ##.#..#
##..#..#
##...'..#
##....#Z##
##.....#s#
##.....##.#
#...†.###.#
#######'#####.#
..............#
######.)..#..##
###..†..#
#.###.# #.# #<#


You could see a hornet zombie.

Vanquished Creatures
  An iguana (D:3)
  2 adders (D:2)
  A dart slug (D:2)
  3 bats
  2 endoplasms
  2 giant cockroaches
  3 goblins
  3 hobgoblins
  4 kobolds
  A quokka (D:1)
  A ball python (D:2)
  A frilled lizard (D:2)
  2 rats
26 creatures vanquished.

Notes
Turn   | Place    | Note
-------+----------+-------------------------------------------
     0 | D:1      | MisterFreud the Draconian Transmuter began the quest for
                  | the Orb.
     0 | D:1      | Reached XP level 1. HP: 16/16 MP: 3/3
     4 | D:1      | Noticed an anaconda
     7 | D:1      | Noticed a death yak
    28 | D:1      | Found Seipouts's Weapon Shop.
   509 | D:1      | Found a faded altar of an unknown god.
   534 | D:1      | Reached XP level 2. HP: 21/23 MP: 3/5
   547 | D:1      | Prayed at the altar of an unknown god.
   547 | D:1      | Became a worshipper of Warmaster Okawaru
   547 | D:1      | Reached * piety under Okawaru
   870 | D:2      | Reached skill level 3 in Transmutations
   906 | D:2      | Reached XP level 3. HP: 26/28 MP: 4/6
  1434 | D:3      | Reached skill level 4 in Transmutations
  1434 | D:3      | Reached XP level 4. HP: 13/35 MP: 7/7
  1442 | D:2      | Learned a level 2 spell: Wereblood
  1446 | D:2      | Learned a level 3 spell: Spider Form
  1669 | D:3      | Slain by a hornet zombie

Illustrated notes

Levels and vault maps discovered:
D:1:      sevenhm_arrival_forest_fort_small_2, layout_loops_corners,
          serial_shops, nicolae_shop_waterfront, basic_ecumenical_altar
D:2:      layout_loops_cross
D:3:      layout_loops_ring, regret_index_temple_of_mockery,
          portal_sewer_entry_d, serial_shops, shop, minmay_quadrilaterals

Skill      XL: |  1  2  3 |
---------------+----------+-----
Transmutations | 3 4 |  4.4
Fighting       | |  1.1
Dodging        | |  1.7
Unarmed Combat | |  3.0
Spellcasting   | |  2.0

Action                   |  1- 3 |  4- 6 || total
-------------------------+-------+-------++-------
Melee: Unarmed           |    68 |    15 ||    83
       Kick              |    12 |       ||    12
       Tailslap          |     6 |     2 ||     8
       Headbutt          |     7 |       ||     7
 Cast: Beastly Appendage |    19 |       ||    19
       Spider Form       |       |     1 ||     1
  Use: Scroll            |     6 |       ||     6
       Potion            |       |     1 ||     1
 Stab: Sleeping          |     2 |       ||     2
Armor: Skin              |    11 |     1 ||    12
Dodge: Dodged            |    52 |     9 ||    61
